 Dungeon Crawl Stone Soup version 0.27-a0-909-g0721f309d1 (webtiles) character file.

Game seed: 3028690625460465210

58 ardl the Ruffian (level 3, -1/31 HPs)
             Began as a Troll Hedge Wizard on Apr 8, 2021.
             Was a Follower of Vehumet.
             Slain by Robin
             ... wielding a +2 spear of flaming
              (2 damage)
             ... on level 2 of the Dungeon.
             The game lasted 00:03:23 (811 turns).

ardl the Ruffian (Troll Hedge Wizard)                Turns: 811, Time: 00:03:23

Health: -1/31      AC:  4    Str: 19    XL:     3   Next: 75%
Magic:  5/5        EV:  9    Int: 10    God:    Vehumet [*.....]
Gold:   39         SH:  0    Dex:  9    Spells: 5/6 levels left

rFire    . . .     SeeInvis .     - Unarmed
rCold    . . .     Faith    .   (no shield)
rNeg     . . .     Spirit   .   b - +0 robe
rPois    .         Reflect  .   c - +0 hat
rElec    .         Harm     .   (no cloak)
rCorr    .         Rampage  .   (gloves unavailable)
Will     .....                  (boots unavailable)
Stlth    +.........             (no amulet)
HPRegen  1.10/turn              (no ring)
MPRegen  0.09/turn              (no ring)

@: no status effects
A: large, unfitting armour, claws 3, regeneration 1, shaggy fur 1, tough skin 1
a: Renounce Religion


You were on level 2 of the Dungeon.
You worshipped Vehumet.
Vehumet was aware of your devotion.
You visited 1 branch of the dungeon, and saw 2 of its levels.

You collected 39 gold pieces.

Inventory:

Hand Weapons
 a - a +0 dagger
Missiles
 g - 5 boomerangs
Armour
 b - a +0 robe (worn)
 c - a +0 hat (worn)
Jewellery
 d - a ring of willpower
Scrolls
 e - a scroll of torment {unknown}
Potions
 f - a potion of ambrosia {unknown}
 h - a potion of lignification {unknown}


   Skills:
 - Level 1.5 Dodging
 - Level 1.0 Stealth
 + Level 3.4 Unarmed Combat
 - Level 2.0 Spellcasting
 - Level 0.6 Conjurations
 - Level 0.6 Summonings
 - Level 0.6 Translocations


You had 5 spell levels left.
You knew the following spells:

 Your Spells              Type           Power      Damage    Failure   Level
a - Magic Dart            Conj           8%         1d3       24%         1

Your spell library contained the following spells:

 Spells                   Type           Power      Damage    Failure   Level
 Sandblast                Erth           2%         2d4       30%         1
 Blink                    Tloc           N/A        N/A       36%         2
 Call Imp                 Summ           2%         N/A       36%         2
 Slow                     Hex            1%         N/A       43%         2
 Conjure Flame            Conj/Fire      1%         6-21      63%         3
 Mephitic Cloud           Conj/Pois/Air  1%         N/A       65%         3


Dungeon Overview and Level Annotations

Branches:
Dungeon (2/15)

Altars:
Vehumet

Annotations:
D:2 Robin


Innate Abilities, Weirdness & Mutations

You are too large for most types of armour.
You have claws for hands.
Your natural rate of healing is unusually fast.
You are covered in fur. (AC +1)
You have tough skin. (AC +1)


Message History

Health restored: 31 You scratch the hobgoblin.
The hobgoblin barely misses you.
You scratch the hobgoblin but do no damage.
The hobgoblin hits you but does no damage.
You barely miss the hobgoblin. The hobgoblin hits you.
You take 4 damage, and have 27/31 hp.
You claw the hobgoblin!
You kill the hobgoblin!
Vehumet accepts your kill.
Robin hits you with a +2 spear of flaming!
Robin burns you. The hobgoblin hits you.
Things that are here:
a hobgoblin corpse; a hobgoblin corpse You take 11 damage, and have 17/31 hp.
MASSIVE DAMAGE!!
You are too injured to fight recklessly!
You are too injured to fight recklessly!
You are too injured to fight recklessly!
You are too injured to fight recklessly!
You scratch Robin.
Robin says, "A pitiful Troll like you will never find the ORB!"
Robin hits you with a +2 spear of flaming!
Robin burns you.
You take 8 damage, and have 10/31 hp.
MASSIVE DAMAGE!!
You scratch Robin.
Robin drinks a potion.
Robin is healed!
You scratch Robin.
Robin hits you with a +2 spear of flaming.
* * * LOW HITPOINT WARNING * * *
Robin burns you.
* * * LOW HITPOINT WARNING * * *
You take 8 damage, and have 3/31 hp.
MASSIVE DAMAGE!!
You scratch Robin.
Robin hits you with a +2 spear of flaming.
* * * LOW HITPOINT WARNING * * *
Robin burns you.
You die...

#.#...>....#####
#..........#
###........#
#........#
#........#
#.######## ##.#
##gg# #####@#.#
#....###g#
#.###g# ## ..g


gggg. g...gg. ....### ....# ##.## You could see Robin and a hobgoblin.

Vanquished Creatures
  Jessica (D:2)
  A dart slug (D:1)
  An endoplasm (D:1)
  4 goblins
  4 hobgoblins
  2 jackals (D:1)
  2 quokkas (D:1)
  6 ball pythons
  A bat (D:1)
  A frilled lizard (D:1)
  3 kobolds
  A rat (D:1)
27 creatures vanquished.

Vanquished Creatures (others)
  A fungus (D:1)
1 creature vanquished.

Grand Total: 28 creatures vanquished

Notes
Turn   | Place    | Note
-------+----------+-------------------------------------------
     0 | D:1      | ardl the Troll Hedge Wizard began the quest for the Orb.
     0 | D:1      | Reached XP level 1. HP: 16/16 MP: 2/2
    43 | D:1      | Reached skill level 1 in Unarmed Combat
   264 | D:1      | Found a faded altar of an unknown god.
   276 | D:1      | Became a worshipper of Vehumet
   276 | D:1      | Reached * piety under Vehumet
   276 | D:1      | Offered knowledge of Sandblast by Vehumet.
   310 | D:1      | Reached XP level 2. HP: 24/24 MP: 4/4
   330 | D:1      | Reached skill level 2 in Unarmed Combat
   644 | D:2      | Reached XP level 3. HP: 31/31 MP: 5/5
   702 | D:2      | Noticed Jessica
   717 | D:2      | Killed Jessica
   718 | D:2      | Reached skill level 3 in Unarmed Combat
   789 | D:2      | Identified the +0 helmet of Subjectivity {Slay+4 SInv}
   789 | D:2      | Noticed Robin
   811 | D:2      | HP: 1/31 [Robin/+2 spear of flaming (3)]
   811 | D:2      | Slain by Robin

Illustrated notes

Levels and vault maps discovered:
D:1:      scummos_arrival_forest, layout_loops_ring,
          shapermc_ecumenical_altar_hornbeckon, minmay_crystal_room,
          minmay_misc_feat_encased
D:2:      layout_loops_corners, uniq_robin, uniq_crazy_yiuf_cottage,
          uniq_jessica

Skill      XL: |  1  2  3 |
---------------+----------+-----
Unarmed Combat | 1 2 3 |  3.4
Dodging        | |  1.5
Stealth        | |  1.0
Spellcasting   | |  2.0
Conjurations   | |  0.6
Summonings     | |  0.6
Translocations | |  0.6

Action                   || total
-------------------------++-------
Melee: Unarmed           ||    71
       Punch             ||     1
Armor: Robe              ||    22
Dodge: Dodged            ||    26

Table legend: (Time is in decaauts)
 A = Elapsed time spent in this place.
 B = Non-inter-level travel time spent in this place.
 C = Inter-level travel time spent in this place.
 D = Time resting spent in this place.
 E = Time spent auto-exploring this place.
 F = Levels seen in this place.
 G = Mean time per level.
                   A        B        C        D        E       F      G
               +--------+--------+--------+--------+--------+-----+--------+
         Total |    813 |    777 |     36 |     19 |    579 |   2 |  406.5 |
       Dungeon |    813 |    777 |     36 |     19 |    579 |   2 |  406.5 |
               +--------+--------+--------+--------+--------+-----+--------+

Top non-repeatable levels by time:
     D:1: 623 daAuts
     D:2: 189 daAuts
